 Dungeon Crawl Stone Soup version 0.16-a0-4127-g24fbb24 (webtiles) character file.

4325 dysrexia the Grappler (level 10, -11/96 HPs)
             Began as a Hill Orc Monk on Mar 3, 2015.
             Was a High Priest of Makhleb.
             Mangled by a skeletal warrior
             ... wielding a +0 flail of draining
              (15 damage)
             ... on level 9 of the Dungeon.
             The game lasted 00:36:21 (9259 turns).

dysrexia the Grappler (Hill Orc Monk)               Turns: 9259, Time: 00:36:21

Health: -11/96     AC: 11    Str: 21    XL:     10   Next: 33%
Magic:  19/19      EV:  7    Int: 10    God:    Makhleb [*****.]
Gold:   449        SH:  0    Dex: 13    Spells: 0 memorised, 9 levels left

rFire  . . .     SeeInvis .       - Unarmed
rCold  . . .     Clarity  .     y - +0 chain mail
rNeg   . . .     SustAb   .     (no shield)
rPois  .         Gourm    .     p - +0 helmet
rElec  .         Spirit   .     r - +1 cloak
rCorr  .         Warding  .     (no gloves)
rMut   .         Stasis   .     (no boots)
MR     +....                    (no amulet)
Stlth  ..........               L - ring of protection from magic
                                f - +3 ring of strength

@: heavily drained, invisible, somewhat resistant to hostile enchantments,
extremely unstealthy
A: no striking features
a: Minor Destruction, Lesser Servant of Makhleb, Major Destruction, Greater
Servant of Makhleb, Renounce Religion


You were on level 9 of the Dungeon.
You worshipped Makhleb.
Makhleb was extremely pleased with you.
You were hungry.

You visited 1 branch of the dungeon, and saw 9 of its levels.
You also visited: Ossuary.

You collected 449 gold pieces.

Inventory:

Hand weapons
 q - a +0 blowgun
Missiles
 d - 19 stones (quivered)
 i - a throwing net
 m - 25 poisoned needles
Armour
 a - a +0 robe
 g - a +1 leather armour of magic resistance
 p - a +0 helmet (worn)
 r - a +1 cloak (worn)
 y - a +0 chain mail (worn)
Jewellery
 f - a +3 ring of strength (left hand)
 t - a +3 ring of dexterity
 J - a +1 ring of protection
 L - a ring of protection from magic (right hand)
Magical devices
 l - a wand of confusion (0)
 o - a wand of disintegration (15)
 A - a wand of enslavement (16)
 H - a wand of enslavement (11)
 M - a wand of enslavement (5)
Scrolls
 s - 2 scrolls of teleportation
 x - 8 scrolls of remove curse
 C - a scroll of recharging
 F - a scroll of blinking
Potions
 c - 2 potions of curing
 e - a potion of restore abilities
 j - a potion of haste {unknown}
 k - 5 potions of brilliance
 n - 2 potions of magic
 u - a potion of invisibility
 v - 3 potions of poison
 w - a potion of mutation {unknown}
 z - 2 potions of might
 D - a potion of ambrosia
 K - a potion of agility {unknown}
Books
 h - a book of Conjurations

   Spells                             Type                      Level
   a - Magic Dart                     Conjuration                  1
   b - Searing Ray                    Conjuration                  2
   c - Dazzling Spray                 Conjuration/Hexes            3
   d - Fulminant Prism                Conjuration/Hexes            4
   e - Iskenderun's Mystic Blast      Conjuration                  4
   f - Iskenderun's Battlesphere      Conjuration/Charms           5
 E - a book of Beasts

   Spells                             Type                      Level
   a - Summon Butterflies             Summoning                    1
   b - Call Canine Familiar           Summoning                    3
   c - Summon Ice Beast               Ice/Summoning                4
   d - Summon Mana Viper              Hexes/Summoning              5
   e - Monstrous Menagerie            Summoning                    6
   f - Summon Hydra                   Summoning                    7
 I - a book of Frost

   Spells                             Type                      Level
   a - Freeze                         Ice                          1
   b - Throw Frost                    Conjuration/Ice              2
   c - Ozocubu's Armour               Charms/Ice                   3
   d - Throw Icicle                   Conjuration/Ice              4
   e - Summon Ice Beast               Ice/Summoning                4
   f - Condensation Shield            Ice                          4
Comestibles
 b - 5 meat rations
 B - 5 bread rations
 G - 8 slices of pizza


   Skills:
 - Level 11.3(8.8) Fighting
 * Level 2.8(0.8) Armour
 - Level 2.4(0.4) Dodging
 - Level 1.5(0.0) Stealth
 * Level 11.8(9.3) Unarmed Combat
 + Level 5.8(3.7) Invocations


You had 9 spell levels left.
You didn't know any spells.

Dungeon Overview and Level Annotations

Branches:
Dungeon (9/15)             Temple (0/1) D:6
   Lair: D:8-11         Orc: D:9-12

Altars:
Dithmenos
Elyvilon
Fedhas
Kikubaaqudgha
Makhleb
Nemelex Xobeh
Okawaru
Ru
Trog
Vehumet
Xom
Yredelemnul
The Shining One

Annotations:
D:6 Prince Ribbit
D:9 dysrexia's ghost, experienced DDFi


Message History

Found a ring mail.
The skeletal warrior hits you with a long sword!
* * * LOW HITPOINT WARNING * * *
You feel sick.
You are no longer poisoned.
Drink which item? (? for menu, Esc to quit)
You feel better.
The skeletal warrior hits you with a flail of draining!
* * * LOW HITPOINT WARNING * * *
You feel drained.
* * * LOW HITPOINT WARNING * * *
Press: ? - help, v - describe, . - travel
Here: a skeletal warrior, wielding a flail of draining (moderately damaged)
The floor.
Read which item? (? for menu, Esc to quit)
Okay, then.
Drink which item? (? for menu, Esc to quit)
You fade into invisibility!
The skeletal warrior hits you with a flail of draining!
You die...

#........#>#'#....#..#.....
#........#.#.#....#..#.....
#..................<.......
..........................
........#.#......##.##..#.
........#.#......##.###.#.
########z#......##.###.#.
#z#...............
#@#.........###.#.
#.#.............#.
#.#..######.#####. #.#..#
#.# #. #.#..# #.# #. #.#..#
#.# #. #.#..# #.# #. ###..#
#.# #. #..# . #.


You could see 2 skeletal warriors.

Vanquished Creatures
  A skeletal warrior (D:9)
  A two-headed ogre (D:8)
  A deep elf fighter (D:8)
  A necrophage (D:5)
  5 orc warriors
  A phantom (D:4)
  3 ogres
  2 ice beasts
  A centaur (D:8)
  A gnoll sergeant (D:8)
  An elf zombie (Ossuary)
  A big kobold (D:9)
  Blork the orc (D:6)
  5 giant frogs
  3 killer bees (D:9)
  5 wights
  2 centaur zombies (Ossuary)
  4 crimson imps
  4 giant frog zombies
  2 human zombies (Ossuary)
  2 orc priests
  A giant frog skeleton (D:6)
  7 orc wizards
  4 hounds
  A quasit (D:5)
  A gnoll shaman (D:7)
  5 worker ants
  Ijyb (D:2)
  A big kobold zombie (Ossuary)
  3 mummies (Ossuary)
  A hound skeleton (D:7)
  10 gnolls
  9 adders
  A giant mite (D:7)
  3 worms
  2 adder zombies (Ossuary)
  5 giant geckos
  26 orcs
  A ball python (D:2)
  2 bat skeletons
  A bat zombie (D:8)
  5 giant cockroaches
  A gnoll zombie (Ossuary)
  8 hobgoblins
  4 jackals (D:3)
  19 kobolds
  A quokka (D:2)
  11 bats
  A giant cockroach zombie (D:5)
  A giant gecko skeleton (D:5)
  5 giant newts
  13 goblins
  3 goblin zombies (Ossuary)
  5 hobgoblin zombies (Ossuary)
  5 jackal zombies (Ossuary)
  7 kobold zombies (Ossuary)
  2 orc zombies (Ossuary)
  A quokka skeleton (D:7)
  2 quokka zombies (Ossuary)
  8 rats
  4 rat zombies (Ossuary)
238 creatures vanquished.

Vanquished Creatures (others)
  A bat (D:4)
1 creature vanquished.

Grand Total: 239 creatures vanquished

Notes
Turn   | Place    | Note
--------------------------------------------------------------
     0 | D:1      | dysrexia, the Hill Orc Monk, began the quest for the Orb.
     0 | D:1      | Reached XP level 1. HP: 19/19 MP: 1/1
   324 | D:1      | Reached XP level 2. HP: 23/26 MP: 2/2
   376 | D:1      | Reached skill level 5 in Unarmed Combat
   668 | D:1      | Reached XP level 3. HP: 28/31 MP: 3/3
   854 | D:2      | Found a radiant altar of Vehumet.
  1483 | D:2      | Found a basalt altar of Yredelemnul.
  1547 | D:2      | Noticed Ijyb
  1556 | D:2      | Reached skill level 6 in Unarmed Combat
  1556 | D:2      | Reached XP level 4. HP: 37/39 MP: 4/4
  1653 | D:2      | Killed Ijyb
  2310 | D:3      | Reached XP level 5. HP: 27/45 MP: 5/5
  2933 | D:3      | Found a shimmering altar of Xom.
  2934 | D:3      | Found a burning altar of Makhleb.
  2938 | D:3      | Reached skill level 7 in Unarmed Combat
  3032 | D:3      | Became a worshipper of Makhleb the Destroyer
  3032 | D:3      | Acquired Makhleb's first power
  3032 | D:3      | Acquired Makhleb's second power
  3105 | D:4      | Found a white marble altar of Elyvilon.
  3137 | D:4      | Found a sand-covered staircase.
  3141 | Ossuary  | Entered an ossuary
  3208 | Ossuary  | Reached XP level 6. HP: 29/51 MP: 6/6
  3289 | Ossuary  | Reached skill level 8 in Unarmed Combat
  3435 | Ossuary  | Acquired Makhleb's third power
  3469 | Ossuary  | Reached XP level 7. HP: 48/57 MP: 7/7
  3505 | Ossuary  | Reached skill level 9 in Unarmed Combat
  3764 | D:4      | Found a blossoming altar of Fedhas.
  3857 | D:4      | Found an ancient bone altar of Kikubaaqudgha.
  3981 | D:4      | Noticed a phantom
  4001 | D:4      | Killed a phantom
  4032 | D:5      | Entered Level 5 of the Dungeon
  4088 | D:5      | Found a shadowy altar of Dithmenos.
  4088 | D:5      | Found an iron altar of Okawaru.
  4088 | D:5      | Found a sacrificial altar of Ru.
  4171 | D:5      | Found a bloodstained altar of Trog.
  4257 | D:5      | Found a sparkling altar of Nemelex Xobeh.
  4465 | D:5      | Reached skill level 10 in Unarmed Combat
  4847 | D:6      | Noticed Blork the orc
  4857 | D:6      | Killed Blork the orc
  4857 | D:6      | Reached XP level 8. HP: 55/64 MP: 8/8
  4884 | D:6      | Found a glowing golden altar of the Shining One.
  4885 | D:6      | Noticed an angel
  4895 | D:6      | Found a basalt altar of Yredelemnul.
  4896 | D:6      | Noticed a profane servitor
  4948 | D:6      | Noticed Prince Ribbit
  5248 | D:6      | Reached skill level 11 in Unarmed Combat
  5602 | D:6      | Acquired Makhleb's fourth power
  5840 | D:6      | Found a staircase to the Ecumenical Temple.
  6031 | D:6      | HP: 2/67 [Prince Ribbit (15)]
  6321 | D:7      | Reached skill level 5 in Fighting
  6930 | D:7      | Reached XP level 9. HP: 64/81 MP: 9/9
  7457 | D:8      | Reached skill level 1 in Invocations
  7657 | D:8      | Reached skill level 10 in Fighting
  7691 | D:8      | Acquired Makhleb's fifth power
  8269 | D:8      | Reached XP level 10. HP: 75/96 MP: 18/18
  8475 | D:8      | Reached skill level 5 in Invocations
  8489 | D:9      | Noticed dysrexia's ghost (experienced DDFi)
  8549 | D:9      | Reached skill level 1 in Armour
  9213 | D:9      | Noticed a skeletal warrior
  9228 | D:9      | Killed a skeletal warrior
  9229 | D:9      | Noticed a skeletal warrior
  9229 | D:9      | Noticed a skeletal warrior
  9258 | D:9      | HP: 4/96 [skeletal warrior/flail of draining (4)]
  9259 | D:9      | Mangled by a skeletal warrior

Action                   |  1- 3 |  4- 6 |  7- 9 | 10-12 || total
-------------------------+-------+-------+-------+-------++-------
Melee: Unarmed           |   123 |   307 |   468 |    87 ||   985
Throw: Stone             |    18 |       |       |       ||    18
  Use: Scroll            |       |     1 |    17 |       ||    18
       Potion            |       |       |     4 |     2 ||     6
 Stab: Sleeping          |     1 |     2 |       |       ||     3
  Eat: Chunk             |     2 |     5 |    13 |     1 ||    21
       Pizza             |       |     2 |       |       ||     2
       Beef jerky        |       |       |     1 |     1 ||     2
